Map: Blackpink LE

Players

CatZ - Winner!

  • Race: Zerg Zerg
  • League: Grandmaster
  • Spawn Location: 7:00

Kelazhur

  • Race: Terran Terran
  • Spawn Location: 1:00

VOD

Have the link to the VOD?

Description

Time

  • Played on: Feb. 2, 2018, 7:39 p.m.
  • Length: 18:10
Show
View Real Time Build Order
Export as new Build Order

CatZ Zerg - Winner!

Build Orders: Hatch First 

Get SALT Encoding   

  12  0:00  Drone  
  13  0:12  Overlord  
  13  0:16  Drone  
  14  0:30  Drone x2  
  14  0:34  Drone  
  17  0:53  Hatchery  
  17  0:55  Drone  
  17  1:00  Drone  
  18  1:13  Spawning Pool  
  18  1:16  Drone  
  18  1:37  Hatchery  
  18  1:39  Drone  
  18  1:43  Drone  
  19  1:53  Overlord  
  19  1:56  Drone  
  20  2:02  Queen  
  20  2:08  Zergling x4  
  24  2:18  Queen  
  24  2:22  Drone  
  27  2:25  Drone  
  27  2:27  Drone  
  27  2:28  Drone  
  30  2:35  Drone  
  32  2:37  Drone  
  32  2:44  Drone  
  32  2:48  Drone  
  34  2:51  Queen  
  34  2:56  Queen  
  34  2:58  Drone  
  39  3:02  Drone  
  39  3:03  Extractor  
  39  3:06  Zergling x4  
  41  3:14  Zergling x2  
  41  3:18  Overlord  
  42  3:25  Overlord  
  42  3:33  Overlord  
  42  3:37  Drone x6  
  42  3:39  Drone  
  49  3:43  Drone  
  50  3:49  Drone  
  50  3:53  Drone  
  50  3:55  Drone  
  53  4:00  Hatchery  
  53  4:02  Drone x3  
  55  4:03  Queen  
  55  4:06  Overlord  
  55  4:09  Queen  
  57  4:14  Metabolic Boost  
  60  4:23  Overlord x2  
  59  4:24  Drone x2  
  59  4:25  Drone  
  62  4:37  Evolution Chamber, Roach Warren  
  60  4:44  Zergling x4  
  60  4:45  Zergling x12  
  64  5:00  Zergling x10  
  69  5:10  Zergling x4, Zerg Ground Armor Level 1  
  71  5:20  Overlord  
  71  5:21  Roach  
  71  5:25  Spore Crawler  
  71  5:26  Spore Crawler, Overlord  
  71  5:27  Zergling x4  
  73  5:34  Roach  
  67  5:46  Roach x2  
  62  5:51  Zergling x4  
  62  5:52  Zergling x6  
  65  5:58  Roach  
  65  5:59  Zergling x2  
  65  6:00  Zergling x6  
  65  6:02  Zergling x2  
  71  6:07  Zergling x2, Hatchery  
  71  6:09  Extractor  
  71  6:11  Extractor  
  69  6:12  Drone x2  
  71  6:21  Roach  
  71  6:24  Roach x2  
  77  6:27  Drone  
  77  6:28  Drone x3  
  77  6:30  Extractor  
  80  6:33  Drone  
  80  6:34  Drone x3  
  80  6:35  Drone x3  
  87  6:45  Roach  
  88  6:47  Drone  
  88  6:48  Drone  
  87  6:55  Drone x4  
  89  7:03  Lair  
  89  7:04  Overlord  
  89  7:06  Overlord x2  
  89  7:11  Extractor, Overlord  
  89  7:12  Spore Crawler  
  89  7:13  Extractor  
  89  7:14  Roach  
  88  7:16  Zergling x2  
  88  7:20  Zergling x10  
  88  7:21  Zergling x2  
  95  7:24  Hatchery  
  95  7:25  Ravager x4  
  95  7:29  Zergling x6  
  101  7:31  Zergling x12  
  101  7:35  Zergling x8  
  101  7:36  Zergling x2  
  92  7:46  Roach x3  
  92  7:51  Zergling x2  
  96  7:54  Ravager x2  
  98  8:02  Roach x4  
  98  8:03  Roach x3  
  98  8:05  Zergling x4  
  110  8:07  Zergling x2  
  110  8:11  Roach x2  
  114  8:13  Zergling x2  
  114  8:15  Zergling x2  
  114  8:18  Zergling x4  
  116  8:29  Roach x4  
  106  8:35  Roach x2  
  106  8:36  Drone  
  106  8:39  Drone x2  
  111  8:47  Drone x2  
  111  8:48  Drone x2  
  114  8:51  Ravager x4  
  114  8:52  Ravager  
  120  8:56  Drone x2, Glial Reconstitution  
  120  9:02  Roach x2  
  126  9:06  Zergling x4  
  126  9:12  Drone x3  
  126  9:16  Infestation Pit  
  128  9:17  Zerg Missile Weapons Level 1  
  128  9:19  Drone  
  128  9:21  Drone  
  130  9:24  Overlord  
  130  9:26  Overlord  
  130  9:42  Overlord  
  130  9:45  Overlord  
  130  9:47  Drone x3  
  130  9:48  Overlord  
  133  9:53  Hive  
  133  9:54  Drone x4  
  133  9:55  Drone x2  
  135  10:01  Drone x3  
  135  10:02  Drone x2  
  135  10:05  Burrow  
  140  10:10  Spore Crawler  
  139  10:16  Spore Crawler  
  139  10:17  Drone x2  
  140  10:25  Extractor  
  140  10:26  Extractor  
  135  10:41  Roach x3  
  135  10:42  Roach x6  
  153  10:44  Overlord  
  134  10:57  Overlord  
  134  10:58  Drone, Overlord  
  134  10:59  Drone  
  134  11:03  Viper  
  134  11:04  Viper x3  
  136  11:05  Viper  
  136  11:10  Hydralisk Den  
  136  11:11  Roach x7  
  164  11:19  Zerg Missile Weapons Level 2  
  154  11:46  Roach x2  
  154  11:47  Roach x7  
  166  11:55  Overlord x2  
  166  12:06  Overlord x3  
  166  12:11  Overlord x2  
  166  12:15  Spine Crawler  
  165  12:20  Overlord  
  165  12:22  Muscular Augments  
  165  12:23  Overlord x2  
  165  12:26  Overlord, Spire  
  165  12:28  Zergling x36  
  182  12:37  Spine Crawler  
  182  12:38  Spine Crawler  
  121  13:01  Zergling x2  
  121  13:04  Drone  
  111  13:08  Drone  
  108  13:13  Hydralisk x3  
  108  13:14  Hydralisk x4  
  108  13:16  Drone x4  
  108  13:17  Drone x3  
  129  13:20  Drone x2  
  129  13:21  Drone x4  
  129  13:22  Drone  
  129  13:24  Viper x2  
  142  13:34  Grooved Spines  
  142  13:35  Overlord  
  142  13:42  Pneumatized Carapace  
  142  13:59  Corruptor x3, Greater Spire  
  148  14:05  Drone  
  148  14:06  Drone x5  
  143  14:12  Corruptor x3  
  143  14:13  Corruptor  
  143  14:16  Zerg Melee Weapons Level 1  
  146  14:18  Drone  
  146  14:20  Drone x4  
  146  14:21  Evolution Chamber  
  149  14:27  Drone x4  
  149  14:28  Drone  
  154  14:54  Hydralisk  
  154  14:55  Corruptor x3  
  154  14:56  Corruptor x3  
  168  15:26  Corruptor x2  
  168  15:27  Corruptor x2  
  168  15:28  Corruptor  
  178  15:31  Brood Lord x5  
  180  15:45  Brood Lord x2  
  180  15:49  Corruptor x3  
  189  16:03  Roach x3  
  188  16:05  Drone x3  
  188  16:06  Drone  
  182  16:27  Hydralisk x9  
  182  16:31  Roach x2  
  186  16:40  Zergling x10  
  186  16:44  Roach x2  
  176  16:54  Brood Lord x2  
  176  16:58  Roach  
  180  17:10  Roach x4  
  180  17:11  Roach  
  180  17:13  Roach  
  182  17:16  Ravager x3  
  182  17:17  Ravager  
  182  17:27  Brood Lord x2  
Show
View Real Time Build Order
Export as new Build Order

Kelazhur Terran 

Build Orders: Reaper Expand, Mech 

Get SALT Encoding   

  12  0:00  SCV  
  13  0:13  SCV  
  14  0:17  Supply Depot  
  14  0:25  SCV  
  15  0:39  SCV  
  15  0:40  Barracks  
  16  0:43  Refinery  
  16  0:51  SCV  
  17  1:03  SCV  
  18  1:15  SCV  
  19  1:27  Reaper  
  19  1:28  Orbital Command  
  20  1:47  Supply Depot  
  20  1:55  SCV  
  20  1:57  Command Center  
  20  1:59  Marine  
  22  2:04  Factory  
  22  2:07  SCV  
  23  2:16  Bunker  
  23  2:19  SCV  
  23  2:20  Refinery  
  23  2:22  Marine  
  25  2:31  SCV  
  25  2:33  Supply Depot  
  26  2:40  Marine  
  27  2:49  SCV  
  28  2:57  Starport  
  28  2:59  Marine  
  28  3:00  Factory Reactor  
  28  3:02  SCV  
  30  3:13  Orbital Command  
  30  3:15  SCV  
  30  3:17  Marine  
  32  3:29  SCV  
  33  3:35  Viking, Marine  
  33  3:37  Cyclone  
  33  3:38  Hellion  
  33  3:39  SCV  
  42  3:49  SCV  
  43  3:56  Supply Depot  
  43  3:57  Orbital Command  
  43  4:02  Hellion  
  45  4:09  Hellion  
  47  4:18  SCV  
  47  4:22  Command Center  
  47  4:24  SCV  
  49  4:29  Armory  
  49  4:34  Medivac  
  51  4:40  SCV  
  51  4:43  SCV  
  53  4:53  SCV  
  53  4:54  Hellion  
  53  4:55  SCV  
  57  5:04  Supply Depot  
  57  5:05  SCV, Hellion  
  60  5:07  SCV  
  61  5:17  SCV  
  62  5:21  Terran Vehicle Weapons Level 1  
  62  5:22  Factory x2  
  62  5:26  SCV, Hellion  
  65  5:29  SCV  
  65  5:35  Supply Depot, Orbital Command  
  66  5:38  SCV  
  66  5:41  SCV  
  68  5:45  Refinery x2  
  60  5:50  SCV  
  54  5:58  Cyclone x2  
  54  6:00  SCV  
  54  6:01  SCV  
  54  6:02  SCV  
  60  6:06  Factory Tech Lab x2  
  60  6:08  Starport Tech Lab  
  60  6:12  SCV  
  60  6:14  SCV x2  
  63  6:22  Engineering Bay  
  63  6:23  Supply Depot  
  63  6:24  SCV  
  64  6:26  Siege Tank  
  64  6:28  Siege Tank  
  64  6:30  SCV  
  71  6:35  Orbital Command  
  71  6:39  SCV  
  72  6:42  SCV  
  72  6:43  Supply Depot  
  72  6:44  Hellion  
  74  6:49  Starport Reactor  
  70  6:55  Hellion  
  70  6:57  SCV  
  73  7:04  SCV x2  
  75  7:09  SCV  
  76  7:16  SCV  
  76  7:18  SCV  
  76  7:19  Terran Vehicle Weapons Level 2  
  76  7:21  SCV  
  76  7:22  Refinery  
  79  7:23  Refinery  
  79  7:28  SCV  
  79  7:29  Hellion x2  
  84  7:30  SCV  
  84  7:33  SCV  
  84  7:35  Thor  
  92  7:40  SCV  
  92  7:42  SCV, Thor  
  91  7:46  SCV  
  83  7:52  SCV  
  83  7:55  SCV  
  83  7:57  Hellion x2  
  83  7:58  SCV  
  90  8:05  SCV  
  89  8:07  SCV  
  89  8:10  SCV  
  79  8:18  Siege Tank  
  79  8:19  SCV, Hellbat, Hellion  
  79  8:22  SCV  
  79  8:25  Siege Tank  
  76  8:28  Liberator  
  76  8:32  SCV  
  59  8:36  SCV  
  59  8:40  Hellion x2  
  63  8:47  SCV  
  67  8:50  Siege Tank  
  67  8:51  SCV  
  71  8:56  Supply Depot  
  71  8:59  SCV, Siege Tank  
  75  9:03  SCV  
  74  9:11  SCV  
  74  9:15  SCV, Orbital Command  
  74  9:16  Hellion x2  
  80  9:17  Factory  
  80  9:23  SCV, Siege Tank  
  83  9:27  SCV  
  84  9:33  Siege Tank  
  84  9:35  SCV  
  84  9:37  Supply Depot  
  88  9:38  Supply Depot  
  88  9:39  SCV  
  88  9:42  Supply Depot  
  88  9:44  Supply Depot  
  89  9:45  SCV  
  89  9:48  SCV  
  89  9:51  Hellion x2, SCV  
  96  9:56  Supply Depot, Hellion x4  
  96  9:58  SCV  
  97  10:00  SCV  
  97  10:02  Siege Tank  
  97  10:03  SCV  
  97  10:04  Medivac x2  
  106  10:15  Hellion x2  
  106  10:19  Thor  
  113  10:43  Siege Tank  
  113  10:44  Siege Tank  
  113  10:49  Hellion x2  
  123  10:59  Orbital Command  
  123  11:04  Starport Reactor  
  123  11:08  Orbital Command  
  123  11:12  Siege Tank  
  123  11:13  Hellion x2  
  123  11:15  Viking  
  123  11:16  Siege Tank  
  133  11:29  Orbital Command  
  133  11:32  SCV x2  
  135  11:41  Siege Tank  
  138  11:50  SCV  
  139  11:55  Siege Tank  
  139  11:56  Hellion x2  
  139  11:57  Viking x2  
  139  12:00  Factory Tech Lab  
  134  12:14  Terran Vehicle Weapons Level 3, Refinery  
  134  12:15  Refinery  
  134  12:34  Viking x2  
  138  12:38  Siege Tank  
  137  12:46  Orbital Command  
  124  12:54  Siege Tank  
  110  13:01  Hellion x2, Siege Tank  
  114  13:05  SCV x2  
  109  13:17  SCV  
  108  13:25  SCV x2  
  110  13:31  Hellion x4, Factory  
  110  13:32  Command Center x2  
  110  13:34  Hellion  
  120  13:40  Medivac  
  120  13:41  Medivac  
  124  13:51  Infernal Pre-Igniter  
  124  13:52  Hellion x2  
  128  13:56  Siege Tank  
  127  14:10  Thor  
  129  14:22  Missile Turret  
  127  14:27  Missile Turret  
  127  14:31  Hellion, Siege Tank x2  
  133  14:32  Hellion  
  133  14:34  Missile Turret  
  133  14:36  Supply Depot  
  133  14:37  Supply Depot  
  139  14:47  Missile Turret  
  139  14:49  Viking x2  
  141  14:53  Hellion  
  141  15:00  Thor  
  141  15:01  Hellion  
  141  15:02  Factory Reactor  
  149  15:10  Refinery  
  149  15:20  Siege Tank  
  150  15:21  Viking  
  150  15:24  Refinery  
  150  15:29  Hellion  
  152  15:36  Planetary Fortress  
  152  15:40  SCV  
  152  15:41  SCV x2  
  153  15:46  Terran Vehicle And Ship Armor Level 1  
  153  15:47  Hellion x5  
  163  15:52  Hellion, SCV  
  163  15:53  SCV  
  163  15:54  SCV  
  164  16:08  Viking x2  
  168  16:13  Thor  
  164  16:22  Thor  
  156  16:26  Hellion x5  
  143  16:38  Viking x2  
  130  16:45  Starport  
  130  16:46  Starport  
  111  16:47  Hellion  
  111  16:53  Hellion x3  
  106  16:54  Hellion  
  98  17:02  Missile Turret  
  98  17:03  Missile Turret  
  98  17:04  Missile Turret  
  98  17:06  Thor  
  89  17:20  Viking  
  78  17:25  Command Center  
Tags
 
Add a new tag
Caveats
  • Supply blocks, unpowered buildings, or Contaminate may cause inaccurate times.
  • Supply counts are checked every 10 seconds.